 Dungeon Crawl Stone Soup version 0.23-a0-386-g9c9d49f623 (webtiles) character file.

1302 PikkenKukken the Covered (level 8, -1/64 HPs)
             Began as a Gnoll Wanderer on Oct 29, 2018.
             Slain by an orc priest
             ... wielding a +0 flail
              (3 damage)
             ... on level 4 of the Dungeon.
             The game lasted 00:13:42 (5987 turns).

PikkenKukken the Covered (Gnoll Wanderer)           Turns: 5987, Time: 00:13:43

Health: -1/64      AC:  7    Str: 16    XL:     8   Next: 57%
Magic:  12/13      EV: 12    Int: 14    God:
Gold:   327        SH:  0    Dex: 16    Spells: 11/13 levels left

rFire    . . .     SeeInvis .   a - +1 dagger (venom)
rCold    . . .     Gourm    .   (no shield)
rNeg     . . .     Faith    .   k - +1 ring mail {rPois}
rPois    +         Spirit   .   (no helmet)
rElec    .         Reflect  .   (no cloak)
rCorr    .         Harm     .   (no gloves)
MR       .....                  (no boots)
Stlth    ++........             l - amulet of regeneration
HPRegen  0.60/turn              q - ring of wizardry
MPRegen  0.13/turn              (no ring)

@: no status effects
A: distributed training, fangs 1, strong nose
a: no special abilities


You were on level 4 of the Dungeon.
You were not hungry.

You visited 1 branch of the dungeon, and saw 5 of its levels.

You collected 327 gold pieces.

Inventory:

Hand Weapons
 a - a +1 dagger of venom (weapon)
 b - a +2 blowgun
 h - a +0 hand axe
Missiles
 c - 4 curare-tipped needles
 e - 55 arrows
 g - 67 bolts
Armour
 k - a +1 ring mail of poison resistance (worn)
Jewellery
 l - an amulet of regeneration (around neck)
 q - a ring of wizardry (left hand)
Wands
 s - a wand of digging (9)
 t - a wand of random effects (21)
Scrolls
 d - 6 scrolls of teleportation
 i - 4 scrolls of amnesia
 m - a scroll of enchant weapon {unknown}
 n - a scroll of enchant armour
 o - 4 scrolls of remove curse
 p - 2 scrolls of identify
 r - a scroll of random uselessness {unknown}
Comestibles
 f - 11 rations
 j - 3 chunks of flesh


   Skills:
 + Level 5.7 Fighting
 + Level 3.3 Short Blades
 + Level 3.3 Long Blades
 + Level 3.3 Axes
 + Level 5.7 Maces & Flails
 + Level 3.3 Polearms
 + Level 3.3 Staves
 + Level 3.3 Slings
 + Level 3.3 Bows
 + Level 5.7 Crossbows
 + Level 4.2 Throwing
 + Level 5.7 Armour
 + Level 3.3 Dodging
 + Level 4.1 Stealth
 + Level 3.3 Shields
 + Level 3.3 Unarmed Combat
 + Level 3.3 Spellcasting
 + Level 2.7 Conjurations
 + Level 2.7 Hexes
 + Level 2.7 Charms
 + Level 2.7 Summonings
 + Level 2.7 Necromancy
 + Level 2.7 Translocations
 + Level 2.7 Transmutations
 + Level 2.7 Fire Magic
 + Level 2.7 Ice Magic
 + Level 2.7 Air Magic
 + Level 2.7 Earth Magic
 + Level 2.7 Poison Magic
 + Level 3.6 Invocations
 + Level 3.3 Evocations


You had 11 spell levels left.
You knew the following spells:

 Your Spells              Type           Power        Failure   Level  Hunger
a - Confusing Touch       Hex            #.....       4%          1    #......
b - Animate Skeleton      Necr           N/A          4%          1    #......

Your spell library contained the following spells:

 Spells                   Type           Power        Failure   Level  Hunger
 Apportation              Tloc           #.....       4%          1    #......
 Summon Small Mammal      Summ           #...         4%          1    #......


Dungeon Overview and Level Annotations

Branches:
Dungeon (5/15)
 Temple: D:4-7

Altars:
Elyvilon
Hepliaklqana
Zin


Innate Abilities, Weirdness & Mutations

Your experience applies equally to all skills.
You have very sharp teeth.
Your uncanny sense of smell can sniff out nearby items.


Message History

You completely miss the orc priest. Your bite misses the orc priest.
The orc priest misses you.
You closely miss the orc priest. The orc hits you with a +0 dagger.
* * * LOW HITPOINT WARNING * * *
The orc priest hits you with a +0 flail.
* * * LOW HITPOINT WARNING * * *
Unknown command.
You hit the orc priest.
The orc priest looks as sick as possible!
The orc priest is moderately wounded.
The orc barely misses you.
You hit the orc priest.
You bite the orc priest, but do no damage.
The orc priest is heavily wounded.
The orc priest barely misses you. The orc hits you but does no damage.
You barely miss the orc priest.
The orc priest is severely wounded.
The orc misses you.
The orc priest hits you with a +0 flail.
You die...

.........# #......#......#.....
.........# #......#......#.....
.........# #......#..)...#.....
.........# #......#......#.....
.........# #......#......##'###
.........# #......#............
###..##'#######...###...########.
###..##.##...########...###....#.
......#.........@o.............#.
......#..........o.............#.
......#........................#.
......#........................#.
#...###.....###...###...#########
.##'###.....###...###...##.....##
...................#....'......##
...................#....#......##
...................#....#........


You could see an orc priest and an orc.

Vanquished Creatures
  A water moccasin (D:4)
  An ice beast (D:4)
  A sky beast (D:4)
  2 phantoms (D:4)
  A centaur (D:5)
  Blork the orc (D:4)
  A scorpion (D:5)
  2 centaur skeletons
  2 hounds
  3 orc priests (D:3)
  2 jellies
  A bullfrog skeleton (D:4)
  2 orc wizards
  A worker ant (D:3)
  A hound skeleton (D:5)
  5 adders
  4 gnolls (D:2)
  6 oozes (D:2)
  An adder skeleton (D:4)
  6 worms
  2 dart slugs
  2 leopard geckos
  23 orcs
  3 giant cockroaches
  7 hobgoblins
  6 jackals
  A quokka (D:2)
  4 ball pythons
  6 bats
  5 frilled lizards
  5 goblins
  16 kobolds
  5 rats
129 creatures vanquished.

Vanquished Creatures (others)
  8 toadstools (D:2)
8 creatures vanquished.

Grand Total: 137 creatures vanquished

Notes
Turn   | Place    | Note
-------+----------+-------------------------------------------
     0 | D:1      | PikkenKukken the Gnoll Wanderer began the quest for the
                  | Orb.
     0 | D:1      | PikkenKukken set off with the following items: 4
                  | curare-tipped needles, a +2 blowgun, a +0 ring mail, a
                  | scroll of teleportation, a ration
     0 | D:1      | Reached XP level 1. HP: 20/20 MP: 1/1
   230 | D:1      | Reached XP level 2. HP: 20/26 MP: 2/2
  1011 | D:2      | Reached XP level 3. HP: 30/31 MP: 3/3
  1137 | D:2      | Reached skill level 1 in Invocations
  1176 | D:2      | Reached skill level 1 in Short Blades
  1176 | D:2      | Reached skill level 1 in Long Blades
  1176 | D:2      | Reached skill level 1 in Axes
  1176 | D:2      | Reached skill level 1 in Polearms
  1176 | D:2      | Reached skill level 1 in Staves
  1176 | D:2      | Reached skill level 1 in Slings
  1176 | D:2      | Reached skill level 1 in Bows
  1176 | D:2      | Reached skill level 1 in Dodging
  1176 | D:2      | Reached skill level 1 in Shields
  1176 | D:2      | Reached skill level 1 in Unarmed Combat
  1176 | D:2      | Reached skill level 1 in Spellcasting
  1176 | D:2      | Reached skill level 1 in Evocations
  1176 | D:2      | Reached XP level 4. HP: 38/38 MP: 5/5
  1557 | D:2      | Reached skill level 1 in Conjurations
  1557 | D:2      | Reached skill level 1 in Hexes
  1557 | D:2      | Reached skill level 1 in Charms
  1557 | D:2      | Reached skill level 1 in Summonings
  1557 | D:2      | Reached skill level 1 in Necromancy
  1557 | D:2      | Reached skill level 1 in Translocations
  1557 | D:2      | Reached skill level 1 in Transmutations
  1557 | D:2      | Reached skill level 1 in Fire Magic
  1557 | D:2      | Reached skill level 1 in Ice Magic
  1557 | D:2      | Reached skill level 1 in Air Magic
  1557 | D:2      | Reached skill level 1 in Earth Magic
  1557 | D:2      | Reached skill level 1 in Poison Magic
  1711 | D:2      | Reached XP level 5. HP: 33/43 MP: 6/6
  2208 | D:2      | Found a glowing silver altar of Zin.
  3014 | D:3      | Reached XP level 6. HP: 49/50 MP: 8/8
  3121 | D:3      | Reached skill level 5 in Fighting
  3121 | D:3      | Reached skill level 5 in Maces & Flails
  3121 | D:3      | Reached skill level 5 in Crossbows
  3121 | D:3      | Reached skill level 5 in Armour
  3637 | D:3      | Found a hazy altar of Hepliaklqana.
  3877 | D:4      | Found a white marble altar of Elyvilon.
  3877 | D:4      | Noticed Blork the orc
  3888 | D:4      | Killed Blork the orc
  3888 | D:4      | Reached XP level 7. HP: 44/56 MP: 10/10
  5279 | D:5      | Entered Level 5 of the Dungeon
  5413 | D:4      | Reached XP level 8. HP: 37/63 MP: 12/12
  5904 | D:4      | Learned a level 1 spell: Confusing Touch
  5906 | D:4      | Learned a level 1 spell: Animate Skeleton
  5984 | D:4      | HP: 1/64 [orc priest/+0 flail (5)]
  5987 | D:4      | Slain by an orc priest

Vault maps used:
D:1:      dpeg_arrival_houses_and_road
D:2:      cheibrodos_fertilizer, lemuel_coloured_pillars_altar
D:3:      wad_pebble_path, lemuel_round_altar, first_ration
D:4:      minivault_25, lemuel_altar_in_water, uniq_blork_the_orc

Skill      XL: |  1  2  3  4  5  6  7  8 |
---------------+-------------------------+-----
Invocations    | 1 2 3 |  3.6
Short Blades   | 1 2 3 |  3.3
Long Blades    | 1 2 3 |  3.3
Axes           | 1 2 3 |  3.3
Polearms       | 1 2 3 |  3.3
Staves         | 1 2 3 |  3.3
Slings         | 1 2 3 |  3.3
Bows           | 1 2 3 |  3.3
Dodging        | 1 2 3 |  3.3
Shields        | 1 2 3 |  3.3
Unarmed Combat | 1 2 3 |  3.3
Spellcasting   | 1 2 3 |  3.3
Evocations     | 1 2 3 |  3.3
Conjurations   | 1 2 |  2.7
Hexes          | 1 2 |  2.7
Charms         | 1 2 |  2.7
Summonings     | 1 2 |  2.7
Necromancy     | 1 2 |  2.7
Translocations | 1 2 |  2.7
Transmutations | 1 2 |  2.7
Fire Magic     | 1 2 |  2.7
Ice Magic      | 1 2 |  2.7
Air Magic      | 1 2 |  2.7
Earth Magic    | 1 2 |  2.7
Poison Magic   | 1 2 |  2.7
Throwing       | 3 4 |  4.2
Stealth        | 3 4 |  4.1
Fighting       | 5 |  5.7
Maces & Flails | 5 |  5.7
Crossbows      | 5 |  5.7
Armour         | 5 |  5.7

Action                   |  1- 3 |  4- 6 |  7- 9 || total
-------------------------+-------+-------+-------++-------
Melee: Hand axe          |    12 |       |       ||    12
       Dagger            |    43 |   187 |   330 ||   560
       Bite              |     1 |    24 |    45 ||    70
       Punch             |       |     2 |     6 ||     8
 Fire: Blowgun           |     3 |    11 |     1 ||    15
 Cast: Animate Skeleton  |       |       |     1 ||     1
  Use: Scroll            |     5 |     4 |     3 ||    12
       Potion            |       |       |     8 ||     8
 Stab: Sleeping          |     3 |     3 |     2 ||     8
  Eat: Chunk             |     1 |     8 |     4 ||    13
       Ration            |       |       |     1 ||     1
Armor: Ring mail         |    16 |    60 |   108 ||   184
Dodge: Dodged            |    29 |    91 |   172 ||   292

Table legend:
 A = Non-vault XP
 B = Vault XP
 C = Vault XP percentage of total XP
 D = Non-vault monster count
 E = Vault monster count
 F = Vault count percentage of total count
                 A         B        C        D         E       F
            +---------+---------+-------+---------+---------+-------
      Total |    1623 |     237 |  12.7 |     112 |      17 |  13.2
            +---------+---------+-------+---------+---------+-------
        D:1 |      20 |      42 |  67.7 |      15 |       1 |   6.2
        D:2 |     131 |      95 |  42.0 |      28 |      15 |  34.9
        D:3 |     330 |       0 |   0.0 |      34 |       0 |   0.0
        D:4 |     875 |     100 |  10.3 |      28 |       1 |   3.4
        D:5 |     267 |       0 |   0.0 |       7 |       0 |   0.0
            +---------+---------+-------+---------+---------+-------
